 Dungeon Crawl Stone Soup version 0.31-a0-1-g4198be8af4 (webtiles) character file.

Game seed: 3288455926512321106

1768 Jase the Changer (level 9, 0/53 HPs)
             Began as an Octopode Transmuter on May 2, 2023.
             Was a Follower of Dithmenos.
             Slain by a killer bee (7 damage)
             ... on level 8 of the Dungeon.
             The game lasted 00:29:21 (7521 turns).

Jase the Changer (Octopode Transmuter)              Turns: 7521, Time: 00:29:22

Health: 0/53       AC:  1    Str: 10    XL:     9   Next: 7%
Magic:  10/12      EV: 14    Int: 19    God:    Dithmenos [*.....]
Gold:   148        SH:  0    Dex: 12    Spells: 2/12 levels left

rFire   . .          .
                       - Unarmed
rCold   . . .        (no shield)
rNeg    . . .        (helmet currently unavailable)
rPois   .            (no amulet)
rElec   .            (no ring)
rCorr   .            (no ring)
SInv    .            (no ring)
Will    .....        (no ring)
Stlth   +++          (no ring)
HPRegen 0.28/turn    (no ring)
MPRegen 0.13/turn    (no ring)
                     (no ring)

%: no passive effects
@: lethally poisoned (0 -> -1), appendages, wereblooded, wreathed by umbra
A: tentacle spike 3, almost no armour, amphibious, 8 rings, camouflage 1,
gelatinous body 1, (nimble swimmer 1), tentacles
a: End Transformation, Renounce Religion


You were on level 8 of the Dungeon.
You worshipped Dithmenos.
Dithmenos was aware of your devotion.
One of your tentacles had grown a beastly spike.
You visited 1 branch of the dungeon, and saw 8 of its levels.

You collected 381 gold pieces.
You spent 233 gold pieces at shops.

Inventory:

Missiles
 s - 6 atropa-tipped darts
 w - a throwing net
Jewellery
 A - a ring of protection from cold
Wands
 a - a wand of flame (15)
Scrolls
 b - 2 scrolls of enchant armour
 d - 2 scrolls of amnesia
 j - a scroll of fog {unknown}
 k - 2 scrolls of torment {unknown}
 n - a scroll of magic mapping {unknown}
 o - 2 scrolls of enchant weapon {unknown}
 p - a scroll of poison {unknown}
 q - a scroll of brand weapon {unknown}
 r - a scroll of vulnerability {unknown}
 y - a scroll of teleportation
 B - a scroll of immolation {unknown}
 C - a scroll of silence {unknown}
Potions
 c - a potion of berserk rage
 e - 3 potions of brilliance
 g - a potion of flight
 h - 2 potions of attraction
 i - a potion of magic
 l - a potion of haste {unknown}
 m - 2 potions of heal wounds
 t - 2 potions of might
 v - 2 potions of ambrosia {unknown}
 x - a potion of mutation
 z - a potion of experience {unknown}
Miscellaneous
 u - a piece from Xom's chessboard (15/15)


   Skills:
 - Level 1.0 Fighting
 + Level 4.6 Dodging
 + Level 6.0 Unarmed Combat
 - Level 2.0 Spellcasting
 + Level 7.2 Transmutations
 + Level 1.7 Ice Magic
 + Level 5.5 Poison Magic
 + Level 2.7 Invocations


You had 2 spell levels left.
You knew the following spells:

 Your Spells              Type           Power      Damage    Failure   Level
a - Beastly Appendage     Tmut           58%        N/A       1%          1
b - Wereblood             Tmut           29%        N/A       1%          2
c - Spider Form           Tmut/Pois      26%        N/A       3%          3
d - Ice Form              Ice/Tmut       18%        N/A       26%         4

Your spell library contained the following spells:

 Spells                   Type           Power      Damage    Failure   Level
 Apportation              Tloc           2%         N/A       17%         1
 Magic Dart               Conj           4%         1d3       17%         1
 Necrotise                Necr           4%         1d4       17%         1
 Summon Small Mammal      Summ           4%         N/A       17%         1
 Call Imp                 Summ           2%         N/A       26%         2
 Mephitic Cloud           Conj/Pois/Air  8%         N/A       24%         3


Dungeon Overview and Level Annotations

Branches:
Dungeon (8/15)             Temple (0/1) D:6
   Lair: D:8-11

Altars:
Dithmenos
Fedhas
Qazlal
Zin
The Shining One

Shops:
D:6 !!

Annotations:
D:7 1 runed translucent door, Crazy Yiuf


Innate Abilities, Weirdness & Mutations

One of your tentacles has grown a beastly spike.
You cannot wear most types of armour.
You are amphibious.
You can wear up to eight rings at the same time.
Your skin changes colour to match your surroundings (Stealth+).
Your rubbery body absorbs attacks. (AC +1, EV +1)
((You are camouflaged when in or above water. (Stealth+)))
You have tentacles for arms and can constrict up to eight enemies at once.


Message History

You barely miss the killer bee.
The killer bee is moderately wounded.
You constrict the killer bee. The killer bee misses you.
Unknown command.
You closely miss the killer bee.
Your tentacle spike misses the killer bee.
Your tentacle-slap misses the killer bee.
The killer bee is heavily wounded.
You constrict the killer bee. The killer bee completely misses you.
The killer bee stings you.
You are poisoned.
The killer bee poisons you!
You tentacle-slap the killer bee but do no damage.
You pierce the killer bee.
You squeeze the killer bee.
You feel a bit better.
You kill the killer bee!
Dithmenos accepts your kill.
You feel sick. The killer bee closely misses you.
Unknown command.
You barely miss the killer bee. You grab the killer bee.
Your tentacle spike misses the killer bee.
You constrict the killer bee. The killer bee misses you.
The killer bee closely misses you.
You closely miss the killer bee.
The killer bee is lightly wounded.
You constrict the killer bee.
You feel sick. The killer bee stings you. The killer bee stings you!
* * * LOW HITPOINT WARNING * * *
You closely miss the killer bee.
Your tentacle spike misses the killer bee.
You squeeze the killer bee!
The killer bee is heavily wounded.
You constrict the killer bee.
You feel sick. The killer bee stings you.
* * * LOW HITPOINT WARNING * * *
Unknown command.
You closely miss the killer bee.
Your tentacle spike misses the killer bee.
The killer bee is severely wounded.
You constrict the killer bee.
You feel sick. The killer bee barely misses you. The killer bee stings you!
You die...

.##...###......#
.##..).#.......#
.##....#.......####+##
.......'.......+.....#
.......#.......#.....#
.......#.....!.#.....#
.##.(.##.......##....#
.##...##......†##....#
.##...##......yy@....#
.#######.......##...##
...............######
................#
......#####'#####
......##........#
................#
..###'##.......##
..#...##........#


You could see 2 killer bees.

Vanquished Creatures
  2 acid dragons (D:8)
  A black bear (D:6)
  2 ogres (D:6)
  A centaur (D:7)
  A phantom (D:5)
  2 bullfrogs
  A gnoll sergeant (D:6)
  2 scorpions
  3 killer bees (D:8)
  A jelly (D:6)
  2 gnoll boudas
  4 orc priests
  2 hounds
  A sleepcap (D:4)
  2 iguanas
  2 orc wizards
  Robin (D:3)
  10 gnolls
  7 adders
  A shadow imp (D:8)
  3 ufetubi
  2 worms (D:5)
  3 dart slugs
  20 orcs
  8 ball pythons
  6 endoplasms
  2 giant cockroaches
  19 goblins
  6 hobgoblins
  4 quokkas
  6 bats
  2 frilled lizards
  7 kobolds
  8 rats
144 creatures vanquished.

Vanquished Creatures (others)
  4 plants (D:8)
4 creatures vanquished.

Grand Total: 148 creatures vanquished

Notes
Turn   | Place    | Note
-------+----------+-------------------------------------------
     0 | D:1      | Jase the Octopode Transmuter began the quest for the Orb.
     0 | D:1      | Reached XP level 1. HP: 13/13 MP: 3/3
    13 | D:1      | You fall into a shaft and drop 1 floor!
    36 | D:2      | Reached XP level 2. HP: 13/18 MP: 1/5
    42 | D:2      | Learned a level 2 spell: Wereblood
   151 | D:1      | Reached XP level 3. HP: 21/23 MP: 6/6
   707 | D:1      | Reached skill level 3 in Transmutations
  1383 | D:2      | Reached XP level 4. HP: 28/28 MP: 7/7
  1387 | D:2      | Learned a level 3 spell: Spider Form
  2590 | D:3      | Reached skill level 1 in Poison Magic
  2686 | D:3      | Noticed Robin
  2700 | D:3      | Reached XP level 5. HP: 33/33 MP: 3/8
  2700 | D:3      | Killed Robin
  3100 | D:3      | Reached skill level 4 in Transmutations
  3317 | D:3      | Identified the +0 pair of boots of Lugonu {Harm rPois
                  | Dex+4}
  3393 | D:3      | Reached XP level 6. HP: 38/38 MP: 5/9
  3852 | D:4      | Found a shadowy altar of Dithmenos.
  3899 | D:4      | Became a worshipper of Dithmenos the Shadowed
  4286 | D:5      | Entered Level 5 of the Dungeon
  4478 | D:5      | Found a glowing golden altar of the Shining One.
  4480 | D:5      | Reached skill level 1 in Invocations
  4480 | D:5      | Reached XP level 7. HP: 23/43 MP: 10/10
  4577 | D:5      | Reached skill level 5 in Transmutations
  5570 | D:6      | Reached * piety under Dithmenos
  5662 | D:6      | Found a staircase to the Ecumenical Temple.
  5704 | D:6      | Reached skill level 5 in Unarmed Combat
  5737 | D:6      | Found a stormy altar of Qazlal.
  5745 | D:6      | Found Esunet's Distillery.
  5754 | D:6      | Bought a potion of heal wounds for 50 gold pieces
  5754 | D:6      | Bought a potion of might for 40 gold pieces
  5858 | D:6      | Reached XP level 8. HP: 48/48 MP: 9/11
  5863 | D:6      | Reached skill level 6 in Transmutations
  6015 | D:6      | Found Voidwoecov's Distillery.
  6126 | D:6      | Found a glowing silver altar of Zin.
  6302 | D:6      | Bought a potion of mutation for 88 gold pieces
  6302 | D:6      | Bought a potion of heal wounds for 55 gold pieces
  6777 | D:7      | Reached skill level 5 in Poison Magic
  6990 | D:7      | Found a runed translucent door.
  6991 | D:7      | Noticed Crazy Yiuf
  7115 | D:8      | Learned a level 4 spell: Ice Form
  7138 | D:8      | Reached skill level 7 in Transmutations
  7276 | D:8      | Found a blossoming altar of Fedhas.
  7317 | D:8      | Reached skill level 1 in Ice Magic
  7484 | D:8      | Reached XP level 9. HP: 10/53 MP: 9/12
  7511 | D:8      | HP: 2/53 [killer bee (6)]
  7521 | D:8      | Slain by a killer bee

Illustrated notes

Levels and vault maps discovered:
D:1:      minmay_arrival_jagged, layout_basic
D:2:      layout_basic
D:3:      layout_loops_corners, uniq_robin
D:4:      layout_basic, mainiacjoe_overflow_catwalk, serial_bayou_pond_c
D:5:      layout_gridville, mainiacjoe_overflow_brackets,
          chequers_serial_rivers_large_a
D:6:      layout_basic, grunt_qazlal_clouds, mainiacjoe_overflow_alcove_1,
          minmay_temple_entry_hall, serial_shops, shop,
          nicolae_shop_rolling_square, hellmonk_bongcloud_opening
D:7:      layout_cave_pools, serial_column_ruins, column_ruins_columns_straight,
          column_ruins_grid_1, column_ruins_grid_3, column_ruins_grid_3,
          column_ruins_corridor_corner, uniq_crazy_yiuf_cottage
D:8:      layout_gridville, mainiacjoe_overflow_boulevard, minivault_24

Skill      XL: |  1  2  3  4  5  6  7  8  9 |
---------------+----------------------------+-----
Transmutations | 3 4 5 7 |  7.2
Dodging        | 3 4 |  4.6
Poison Magic   | 1 2 3 5 |  5.5
Unarmed Combat | 4 5 6 |  6.0
Invocations    | 1 2 |  2.7
Ice Magic      | 1 |  1.7
Fighting       | |  1.0
Spellcasting   | |  2.0

Action                     |  1- 3 |  4- 6 |  7- 9 || total
---------------------------+-------+-------+-------++-------
  Melee: Unarmed           |    54 |   123 |   165 ||   342
         Constrict         |    14 |    34 |    34 ||    82
         Tentacles         |    12 |    25 |    39 ||    76
         Kick              |    12 |    32 |    55 ||    99
         Punch             |     2 |     1 |    12 ||    15
   Cast: Beastly Appendage |    15 |    35 |    25 ||    75
         Wereblood         |     2 |     3 |     6 ||    11
         Spider Form       |       |       |     4 ||     4
    Use: Scroll            |       |     4 |     3 ||     7
         Potion            |       |       |     9 ||     9
   Stab: Sleeping          |     6 |     5 |     5 ||    16
 Armour: Skin              |     2 |     6 |    42 ||    50
  Dodge: Dodged            |    32 |    69 |   124 ||   225

Table legend: (Time is in decaauts)
 A = Elapsed time spent in this place.
 B = Non-inter-level travel time spent in this place.
 C = Inter-level travel time spent in this place.
 D = Time resting spent in this place.
 E = Time spent auto-exploring this place.
 F = Levels seen in this place.
 G = Mean time per level.
                   A        B        C        D        E       F      G
               +--------+--------+--------+--------+--------+-----+--------+
         Total |   7495 |   7037 |    458 |   1148 |   4553 |   8 |  936.9 |
       Dungeon |   7495 |   7037 |    458 |   1148 |   4553 |   8 |  936.9 |
               +--------+--------+--------+--------+--------+-----+--------+

Top non-repeatable levels by time:
     D:1: 1278 daAuts
     D:3: 1175 daAuts
     D:4: 1097 daAuts
     D:6: 1084 daAuts
     D:2: 1018 daAuts
     D:5: 855 daAuts
     D:7: 579 daAuts
     D:8: 406 daAuts
